 Dungeon Crawl Stone Soup version 0.17.0-18-gaab0e96 (webtiles) character file.

61 MDvedh the Digger (level 4, 0/27 HPs)
             Began as a Gargoyle Earth Elementalist on Nov 11, 2015.
             Slain by Ijyb
             ... wielding a +0 club
              (2 damage)
             ... on level 2 of the Dungeon.
             The game lasted 00:03:52 (2227 turns).

MDvedh the Digger (Gargoyle Earth Elementalist)     Turns: 2227, Time: 00:03:52

Health: 0/27       AC:  5    Str: 12    XL:     4   Next: 7%
Magic:  7/7        EV: 12    Int: 16    God:
Gold:   71         SH:  0    Dex: 10    Spells: 1 memorised, 6 levels left

rFire  . . .     SeeInvis .     l - +0 whip
rCold  . . .     Clarity  .     b - +0 robe
rNeg   + . .     SustAt   .     (no shield)
rPois  ∞         Gourm    .     (no helmet)
rElec  +         Spirit   .     (no cloak)
rCorr  .         Warding  .     (no gloves)
rMut   .         Stasis   .     (no boots)
MR     .....                    (no amulet)
Stlth  ++........               (no ring)
                                (no ring)

@: not resistant to hostile enchantments, unstealthy
A: negative energy resistance 1, electricity resistance, unbreathing,
petrification resistance, rot immunity, AC +3
a: no special abilities


You were on level 2 of the Dungeon.
You were hungry.

You visited 1 branch of the dungeon, and saw 2 of its levels.

You collected 71 gold pieces.

Inventory:

Hand Weapons
 l - a +0 whip (weapon)
Missiles
 a - 107 stones (quivered)
Armour
 b - a +0 robe (worn)
Jewellery
 e - an uncursed ring of protection from cold {unknown}
Scrolls
 f - a scroll of blinking {unknown}
 g - 3 scrolls of identify {unknown}
 h - a scroll of enchant weapon {unknown}
 i - a scroll of magic mapping {unknown}
 k - a scroll of fear {unknown}
 m - 4 scrolls of remove curse {unknown}
 n - 2 scrolls of immolation {unknown}
Potions
 j - a potion of heal wounds {unknown}
Books
 c - a book of Geomancy

   Spells                             Type                      Level
   a - Sandblast                      Earth                        1
   b - Stoneskin                      Transmutation/Earth          2
   c - Passwall                       Transmutation/Earth          3
   d - Stone Arrow                    Conjuration/Earth            3
   e - Petrify                        Transmutation/Earth          4
   f - Lee's Rapid Deconstruction     Earth                        5
Comestibles
 d - 3 bread rations


   Skills:
 - Level 2.9 Fighting
 + Level 2.0 Maces & Flails
 - Level 1.5 Dodging
 - Level 2.1 Stealth
 - Level 2.0 Spellcasting
   Level 0.7 Transmutations
 - Level 3.6 Earth Magic


You had 6 spell levels left.
You knew the following spells:

 Your Spells              Type           Power        Failure   Level  Hunger
a - Sandblast             Erth           ##....       6%          1    #......


Dungeon Overview and Level Annotations

Branches:
Dungeon (2/15)

Altars:

Annotations:
D:2 Ijyb


Innate Abilities, Weirdness & Mutations

You are resistant to torment.
Your stone body is resilient (AC +3).
You are immune to poison.
You resist negative energy.
You are resistant to electric shocks.
You can survive without breathing.
You are immune to petrification.
You are immune to rotting.


Message History

You closely miss Ijyb.
Ijyb is heavily wounded.
Ijyb barely misses you.
You hit Ijyb but do no damage.
Ijyb is heavily wounded.
Ijyb completely misses you.
You closely miss Ijyb.
Ijyb is heavily wounded.
Ijyb hits you with a club.
* * * LOW HITPOINT WARNING * * *
You barely miss Ijyb.
Ijyb is heavily wounded.
Ijyb hits you with a club.
* * * LOW HITPOINT WARNING * * *
You closely miss Ijyb.
Ijyb is heavily wounded.
You closely miss Ijyb.
Ijyb is heavily wounded.
Ijyb hits you with a club.
You die...

...........#
#........÷..#
#...........#
#...........#########
##...........#..$....#
.............#.......#
...........†.#.......#
.............#.......#
#.....@g....#.......#
#...........#.......#
#...........'.......#
#########.###.......#
#.# #.......# #.#
#.......# #.#
#.......# #.#
###.##### .. .#


You could see Ijyb.

Vanquished Creatures
  3 adders (D:2)
  An ooze (D:1)
  2 giant geckos
  4 giant cockroaches (D:1)
  3 hobgoblins (D:1)
  5 bats (D:1)
  A giant newt (D:1)
  4 goblins
  3 kobolds
  6 rats
32 creatures vanquished.

Notes
Turn   | Place    | Note
--------------------------------------------------------------
     0 | D:1      | MDvedh the Gargoyle Earth Elementalist began the quest for the Orb.
     0 | D:1      | Reached XP level 1. HP: 10/10 MP: 3/3
   243 | D:1      | Reached skill level 1 in Fighting
   389 | D:1      | Reached XP level 2. HP: 17/17 MP: 3/5
   819 | D:1      | Reached XP level 3. HP: 8/22 MP: 6/6
  1771 | D:2      | Reached skill level 1 in Maces & Flails
  1883 | D:2      | Reached XP level 4. HP: 9/27 MP: 7/7
  2098 | D:2      | Noticed Ijyb
  2227 | D:2      | Slain by Ijyb

Action                   |  1- 3 |  4- 6 || total
-------------------------+-------+-------++-------
Melee: Unarmed           |    59 |       ||    59
       Whip              |    62 |    61 ||   123
 Cast: Sandblast         |    32 |       ||    32
 Stab: Sleeping          |     2 |       ||     2
       Distracted        |     1 |       ||     1
  Eat: Chunk             |     3 |     1 ||     4
